 Dungeon Crawl Stone Soup version 0.18-a0-1044-g2bb894f (webtiles) character file.

89 Kristof the Digger (level 4, -1/24 HPs)
             Began as a Gargoyle Earth Elementalist on Jan 11, 2016.
             Killed by nerve-wracking pain
             ... invoked by an orc priest
              (13 damage)
             ... on level 3 of the Dungeon.
             The game lasted 00:08:02 (2148 turns).

Kristof the Digger (Gargoyle Earth Elementalist)    Turns: 2148, Time: 00:08:02

Health: -1/24      AC:  5    Str: 11    XL:     4   Next: 55%
Magic:  9/9        EV: 12    Int: 17    God:
Gold:   150        SH:  0    Dex: 10    Spells: 3 memorised, 4 levels left

rFire  . . .     SeeInvis .     n - +3 mace
rCold  . . .     Gourm    .     a - +0 robe
rNeg   + . .     Faith    .     (no shield)
rPois  ∞         Spirit   .     (no helmet)
rElec  +         Dismiss  .     (no cloak)
rCorr  +         Reflect  .     (no gloves)
SustAt .         Harm     .     (no boots)
MR     .....                    l - amulet of rage
Stlth  ++........               m - ring of resist corrosion
                                k - ring of wizardry

@: not resistant to hostile enchantments, unstealthy
A: negative energy resistance 1, electricity resistance, unbreathing,
petrification resistance, rot immunity, AC +3
a: Evoke Berserk Rage


You were on level 3 of the Dungeon.
You were not hungry.

You visited 1 branch of the dungeon, and saw 3 of its levels.

You collected 150 gold pieces.

Inventory:

Hand Weapons
 g - a +0 club
 h - a +0 flail
 n - a +3 mace (weapon)
Missiles
 b - 14 stones (quivered)
Armour
 a - a +0 robe (worn)
Jewellery
 f - an uncursed amulet of regeneration
 k - a ring of wizardry (left hand)
 l - an amulet of rage (around neck)
 m - a ring of resist corrosion (right hand)
Scrolls
 o - a scroll of enchant armour {unknown}
Potions
 e - a potion of brilliance
 j - 2 potions of curing
Books
 c - a book of Geomancy

   Spells                             Type                      Level
   a - Sandblast                      Earth                        1
   b - Stoneskin                      Transmutation/Earth          2
   c - Passwall                       Transmutation/Earth          3
   d - Stone Arrow                    Conjuration/Earth            3
   e - Petrify                        Transmutation/Earth          4
   f - Lee's Rapid Deconstruction     Earth                        5
Comestibles
 d - 2 bread rations
 i - 4 chunks of flesh


   Skills:
 - Level 1.5 Dodging
 - Level 2.1 Stealth
 * Level 3.7 Spellcasting
 + Level 0.9 Conjurations
 - Level 0.7 Transmutations
 + Level 4.3 Earth Magic


You had 4 spell levels left.
You knew the following spells:

 Your Spells              Type           Power        Failure   Level  Hunger
a - Sandblast             Erth           ###...       1%          1    None
b - Stoneskin             Trmt/Erth      ##......     4%          2    ##.....
c - Stone Arrow           Conj/Erth      ##....       7%          3    ###....


Dungeon Overview and Level Annotations

Branches:
Dungeon (3/15)

Altars:
Dithmenos
Pakellas


Innate Abilities, Weirdness & Mutations

You are resistant to torment.
Your stone body is resilient (AC +3).
You are immune to poison.
You resist negative energy.
You are resistant to electric shocks.
You can survive without breathing.
You are immune to petrification.
You are immune to rotting.


Message History

An orc priest comes into view. It is wielding a dagger.
Items here: )) †† a short sword; a flail; an orc corpse; a quokka corpse An orc comes into view.
It is wielding a club.
The orc shouts!
An orc comes into view.
You barely miss the orc priest.
The orc priest shouts!
The orc priest mumbles some strange prayers to Beogh against you.
Something smites you!
You barely miss the orc priest. The orc priest hits you with a dagger.
The orc priest casts a cantrip, but nothing happens.
You closely miss the orc priest.
The orc priest hits you but does no damage.
You hit the orc priest.
The orc priest is moderately wounded.
The orc priest mumbles some strange prayers to Beogh against you.
Pain shoots through your body!
Ouch! That really hurt!
You die...

#############..
..................##
###....####........
#....# ......... #..÷.#
# #?.....
###....##..##.....
.......>.........###
####..##.####....o.###..
#.<# .# #....@o.o....
#..# #...###)#####.. #
..... . #.# ..##.##. #.#
# #. .# ##.# ###. #. ###
#..##.... #. ..#
##.#...# #. #.# #....###
# #.# #...#....#


You could see an orc priest and 2 orcs.

Vanquished Creatures
  2 gnolls (D:1)
  An adder (D:2)
  A worm (D:2)
  3 giant geckos
  3 orcs (D:3)
  3 bats
  5 giant cockroaches
  6 goblins
  7 hobgoblins
  3 jackals
  3 kobolds
  A quokka (D:3)
  5 giant newts
  7 rats
50 creatures vanquished.

Notes
Turn   | Place    | Note
--------------------------------------------------------------
     0 | D:1      | Kristof the Gargoyle Earth Elementalist began the quest for the Orb.
     0 | D:1      | Reached XP level 1. HP: 10/10 MP: 3/3
   133 | D:1      | Reached XP level 2. HP: 15/15 MP: 0/5
   192 | D:1      | Learned a level 2 spell: Stoneskin
   221 | D:1      | Reached skill level 4 in Earth Magic
   223 | D:1      | Reached XP level 3. HP: 19/19 MP: 1/7
  1413 | D:2      | Found an oddly glowing altar of Pakellas.
  1576 | D:2      | Reached XP level 4. HP: 24/24 MP: 5/9
  1584 | D:2      | Learned a level 3 spell: Stone Arrow
  2083 | D:3      | Found a shadowy altar of Dithmenos.
  2148 | D:3      | Killed from afar by an orc priest

Vault maps used:
D:1:      minmay_arrival_glassed_features, st_stairs_3, minmay_close_crescents
D:2:      grunt_pakellas_salt
D:3:      nicolae_dithmenos_shadow_blocks, nicolae_ru_the_path_less_chosen,
          uniq_sigmund

Action                   |  1- 3 |  4- 6 || total
-------------------------+-------+-------++-------
Melee: Mace              |       |    10 ||    10
 Cast: Sandblast         |    51 |    20 ||    71
  Use: Scroll            |     2 |     1 ||     3
  Eat: Chunk             |     2 |     2 ||     4
